 Dungeon Crawl Stone Soup version 0.23-a0-690-g0a1fc62c7c (webtiles) character file.

52 Flugkiller the Sneak (level 3, 0/16 HPs)
             Began as a Vine Stalker Enchanter on Jan 11, 2019.
             Succumbed to an adder's poison
             ... on level 1 of the Dungeon.
             The game lasted 00:05:01 (1389 turns).

Flugkiller the Sneak (Vine Stalker Enchanter)       Turns: 1389, Time: 00:05:01

Health: 0/16       AC:  5    Str: 10    XL:     3   Next: 85%
Magic:  0/7        EV: 12    Int: 15    God:
Gold:   82         SH:  0    Dex: 15    Spells: 0/6 levels left

rFire    . . .     SeeInvis .   a - +2 dagger
rCold    . . .     Gourm    .   (no shield)
rNeg     . . .     Faith    .   b - +0 robe
rPois    .         Spirit   +   (no helmet)
rElec    .         Reflect  .   (no cloak)
rCorr    .         Harm     .   (no gloves)
MR       .....                  (no boots)
Stlth    +++.......             (no amulet)
HPRegen  0.05/turn              c - +3 ring of protection
MPRegen  0.10/turn              (no ring)

@: lethally poisoned (0 -> -6), very slightly contaminated
A: fangs 2, magic shield, antimagic bite, no potion heal 3, rot immunity
a: no special abilities


You were on level 1 of the Dungeon.
You were hungry.

You visited 1 branch of the dungeon, and saw 2 of its levels.

You collected 82 gold pieces.

Inventory:

Hand Weapons
 a - a +2 dagger (weapon)
Armour
 b - a +0 robe (worn)
Jewellery
 c - a +3 ring of protection (left hand)
   (You took it off a hobgoblin on level 1 of the Dungeon)
 n - an uncursed amulet of regeneration {unknown}
   (You found it on level 2 of the Dungeon)
Scrolls
 g - a scroll of remove curse
 i - a scroll of teleportation {unknown}
 j - a scroll of enchant weapon
 k - a scroll of immolation {unknown}
 l - a scroll of amnesia {unknown}
 m - a scroll of fear {unknown}
Potions
 e - a potion of haste {unknown}
Comestibles
 d - 3 rations
 f - 3 chunks of flesh


   Skills:
 - Level 1.4 Short Blades
 - Level 1.5 Dodging
 - Level 4.1 Stealth
 - Level 2.1 Spellcasting
 + Level 4.1 Hexes


You couldn't memorise any spells.
You knew the following spells:

 Your Spells              Type           Power        Failure   Level  Hunger
a - Corona                Hex            ##.....      4%          1    #......
b - Ensorcelled Hibernat  Hex/Ice        #.....       14%         2    ###....
c - Confuse               Hex            ##......     12%         3    ###....

Your spell library contained the following spells:

 Spells                   Type           Power        Failure   Level  Hunger
 Tukima's Dance           Hex            ##......     12%         3    ###....
 Dazzling Spray           Conj/Hex       #.....       28%         3    ###....


Dungeon Overview and Level Annotations

Branches:
Dungeon (2/15)

Altars:


Innate Abilities, Weirdness & Mutations

You have extremely sharp teeth.
When hurt, damage is shared between your health and your magic reserves.
Your bite disrupts and absorbs the magic of your enemies.
Potions cannot restore your health.
You are immune to rotting.


Message History

As you read the scroll labeled CAGRADD DURRU, it crumbles to dust.
It is a scroll of enchant weapon.
Your +1 dagger glows red for a moment.
The adder bites you.
You are poisoned.
The adder poisons you!
Unknown command.
You hit the adder.
The adder is lightly wounded.
You feel sick. The adder bites you.
Unknown command.
You completely miss the adder.
The adder is lightly wounded.
The adder barely misses you. The adder bites you but does no damage.
Unknown command.
Casting: Ensorcelled Hibernation (safe; 14% risk of failure)
Confirm with . or Enter, or press ? or * to list all spells.
Aiming: Ensorcelled Hibernation (safe; 14% risk of failure)
Press: ? - help, Shift-Dir - straight line, f - adder
Aim: an adder (lightly wounded, chance to defeat MR: 48%)
The adder resists with some effort.
You feel sick. The adder bites you but does no damage.
Unknown command.
You hit the adder.
The adder is moderately wounded.
The adder bites you but does no damage.
Unknown command.
You hit the adder.
The adder is heavily wounded.
The adder closely misses you.
Unknown command.
You hit the adder. You bite the adder, but do no damage.
The adder is heavily wounded.
You feel sick. The adder bites you.
* * * LOW HITPOINT WARNING * * *
You are lethally poisoned!
The adder poisons you! The adder barely misses you.
You barely miss the adder.
The adder is heavily wounded.
The adder bites you but does no damage.
Unknown command.
You miss the adder. Your bite misses the adder.
The adder is heavily wounded.
* * * LOW HITPOINT WARNING * * *
You feel sick. The adder misses you.
You hit the adder. You bite the adder, but do no damage.
The adder is almost dead.
The adder bites you.
* * * LOW HITPOINT WARNING * * *
It was a potion of heal wounds.
That seemed strangely inert.
You die...

#.......#
#.......#
#
#.......#
#
###.#.###
# #.#.#
## #>#.#
###.
#.#.#
#...
#S#.#
##.##
#@..#
#....
#..##
#####
#..#
####..###
#.......#
#.......#
#..)....#
#......^#
#.......#


You could see an adder.

Vanquished Creatures
  An adder (D:2)
  2 oozes
  A worm (D:2)
  2 dart slugs
  A leopard gecko (D:1)
  A goblin (D:1)
  9 hobgoblins
  A bat (D:1)
  A frilled lizard (D:1)
  3 kobolds
  7 rats
29 creatures vanquished.

Notes
Turn   | Place    | Note
-------+----------+-------------------------------------------
     0 | D:1      | Flugkiller the Vine Stalker Enchanter began the quest for
                  | the Orb.
     0 | D:1      | Reached XP level 1. HP: 9/9 MP: 4/4
    32 | D:1      | Reached skill level 1 in Short Blades
   406 | D:1      | Reached XP level 2. HP: 10/13 MP: 4/6
   510 | D:1      | Learned a level 2 spell: Ensorcelled Hibernation
   790 | D:1      | Reached XP level 3. HP: 16/16 MP: 4/7
  1196 | D:2      | Learned a level 3 spell: Confuse
  1389 | D:1      | Succumbed to an adder's poison

Vault maps used:
D:1:      dpeg_arrival_ratfight
D:2:      guppyfry_early_lair_pool

Skill      XL: |  1  2  3 |
---------------+----------+-----
Short Blades   | 1 |  1.4
Stealth        | 4 |  4.1
Hexes          | 4 |  4.1
Dodging        | |  1.5
Spellcasting   | |  2.1

Action                   || total
-------------------------++-------
Melee: Dagger            ||    77
       Bite              ||    14
 Cast: Corona            ||    13
       Ensorcelled Hiber ||    11
  Use: Scroll            ||     2
       Potion            ||     1
 Stab: Sleeping          ||    10
  Eat: Chunk             ||     2
Armor: Robe              ||    13
Dodge: Dodged            ||    35

Table legend:
 A = Non-vault XP
 B = Vault XP
 C = Vault XP percentage of total XP
 D = Non-vault monster count
 E = Vault monster count
 F = Vault count percentage of total count
                 A         B        C        D         E       F
            +---------+---------+-------+---------+---------+-------
      Total |      70 |       5 |   6.7 |      24 |       5 |  17.2
            +---------+---------+-------+---------+---------+-------
        D:1 |      37 |       5 |  11.9 |      17 |       5 |  22.7
        D:2 |      33 |       0 |   0.0 |       7 |       0 |   0.0
            +---------+---------+-------+---------+---------+-------
